Map: Ephemeron LE

Players

liquidthermy (uThermal) - Winner!

  • Race: Terran Terran
  • Spawn Location: 5:00

ShoWTimE

  • Race: Protoss Protoss
  • League: Grandmaster
  • Spawn Location: 11:00

Event: HomeStory Cup XX

VOD

Have the link to the VOD?

Description

Time

  • Played on: Nov. 22, 2019, 11:15 a.m.
  • Length: 9:22

All games in this series

Show
View Real Time Build Order
Export as new Build Order

liquidthermy Terran - Winner!

Build Orders: Reaper Expand 

Get SALT Encoding   

  12  0:01  SCV  
  13  0:13  SCV  
  14  0:17  Supply Depot  
  14  0:25  SCV  
  15  0:39  SCV  
  15  0:40  Barracks  
  16  0:43  Refinery  
  16  0:51  SCV  
  17  1:03  SCV  
  18  1:15  SCV  
  19  1:27  Orbital Command, Reaper  
  20  1:41  Command Center  
  20  1:48  Supply Depot  
  20  1:53  SCV  
  21  1:59  Marine  
  22  2:05  SCV  
  23  2:09  Factory  
  23  2:13  Refinery  
  23  2:17  SCV  
  23  2:20  Barracks Reactor  
  24  2:29  SCV  
  25  2:41  SCV  
  25  2:53  Starport, SCV  
  25  2:55  Widow Mine  
  25  2:56  Marine x2  
  25  2:57  Bunker  
  30  3:00  Orbital Command  
  30  3:05  SCV  
  31  3:14  Marine x2  
  31  3:17  Widow Mine, SCV  
  35  3:28  SCV  
  35  3:30  Viking, SCV  
  39  3:34  Supply Depot  
  39  3:36  Marine  
  39  3:39  Factory Tech Lab  
  39  3:40  SCV  
  39  3:41  Marine  
  41  3:43  SCV  
  43  3:52  SCV  
  43  3:53  Marine  
  43  3:55  SCV  
  46  3:57  Supply Depot  
  46  3:58  Refinery  
  46  3:59  Marine  
  47  4:04  SCV  
  47  4:05  Factory Tech Lab  
  47  4:06  Raven  
  50  4:10  SCV  
  50  4:11  Marine  
  50  4:16  Marine, SCV  
  53  4:19  Supply Depot  
  53  4:22  SCV  
  53  4:23  Siege Tank  
  58  4:28  SCV  
  58  4:29  Marine  
  60  4:34  Marine, SCV  
  62  4:41  Supply Depot, SCV  
  63  4:49  Marine, Command Center  
  63  4:52  Marine  
  65  4:55  Barracks  
  65  5:00  Barracks  
  65  5:01  SCV  
  65  5:02  SCV  
  65  5:06  Siege Tank  
  70  5:08  Marine  
  70  5:10  Marine  
  70  5:11  Starport Reactor  
  70  5:13  SCV  
  73  5:15  SCV  
  74  5:24  Engineering Bay  
  74  5:25  Engineering Bay, SCV  
  74  5:27  SCV  
  76  5:30  Supply Depot  
  76  5:33  Marine  
  76  5:34  Marine, Supply Depot  
  78  5:45  Barracks  
  78  5:46  Factory Reactor  
  78  5:47  Barracks  
  77  5:51  Marine, Stimpack  
  77  5:54  Marine  
  77  5:55  Marine  
  80  5:57  Combat Shield  
  80  5:58  Marauder  
  80  6:03  Terran Infantry Weapons Level 1  
  82  6:04  Terran Infantry Armor Level 1  
  82  6:07  Orbital Command  
  82  6:09  Marine  
  83  6:13  Medivac  
  83  6:15  Medivac  
  83  6:16  Marine  
  83  6:17  Marine  
  89  6:22  Supply Depot  
  89  6:23  Widow Mine  
  89  6:25  Widow Mine  
  93  6:28  Refinery  
  93  6:29  Marine x2  
  95  6:33  Supply Depot  
  95  6:37  Barracks Tech Lab x2  
  95  6:43  Medivac, Supply Depot  
  95  6:44  Marine  
  95  6:45  Medivac  
  100  6:47  Widow Mine  
  100  6:51  Widow Mine  
  100  6:53  Marauder  
  106  6:56  Marine x3  
  106  7:01  Marine  
  109  7:02  Marine, Supply Depot  
  109  7:05  Supply Depot  
  111  7:11  Widow Mine  
  111  7:14  Marine x2  
  111  7:15  Marauder, Concussive Shells  
  117  7:18  Medivac  
  117  7:21  Marine, Marauder  
  122  7:23  Orbital Command  
  122  7:25  Widow Mine  
  122  7:27  Marine  
  125  7:32  Marine  
  125  7:33  Marauder, Widow Mine  
  128  7:40  Medivac  
  130  7:44  SCV  
  130  7:45  Marine  
  130  7:46  Marauder, Widow Mine  
  136  7:51  Medivac  
  136  7:54  Widow Mine  
  138  8:08  Widow Mine  
  138  8:10  Liberator  
  137  8:15  Widow Mine  
  108  8:20  Marine  
  108  8:21  Marauder  
  108  8:24  Marine x2  
  108  8:25  Marauder x2  
  117  8:29  Widow Mine  
  120  8:37  Widow Mine  
  120  8:38  Marine  
  113  8:42  Marine, Marauder  
  113  8:43  Marauder  
  113  8:45  Marine  
  113  8:46  Marine  
  113  8:51  Widow Mine  
  111  8:56  Marine  
  111  8:58  Widow Mine  
  111  9:00  Marine  
  118  9:03  Marine x3  
Show
View Real Time Build Order
Export as new Build Order

ShoWTimE Protoss 

Build Orders: 1 Gate Expand, Double Forge, Phoenix Opening, Blink Stalkers 

Get SALT Encoding   

  12  0:00  Probe  
  13  0:12  Probe  
  14  0:17  Pylon  
  14  0:24  Probe  
  15  0:32  Probe  
  15  0:38  Gateway  
  15  0:40  Probe  
  16  0:46  Assimilator  
  17  0:51  Probe  
  18  1:03  Probe  
  19  1:15  Probe  
  20  1:24  Cybernetics Core  
  20  1:34  Nexus  
  20  1:36  Probe  
  21  1:44  Pylon  
  21  1:48  Probe  
  21  1:52  Assimilator, Adept  
  22  2:01  Probe  
  23  2:06  Warp Gate  
  25  2:10  Probe  
  26  2:18  Probe  
  26  2:22  Sentry  
  29  2:27  Probe  
  30  2:39  Probe  
  30  2:43  Probe  
  31  2:47  Twilight Council  
  32  2:51  Probe x2  
  32  2:56  Blink  
  33  2:59  Stalker  
  33  3:00  Probe  
  33  3:02  Gateway, Phoenix  
  33  3:03  Probe  
  37  3:13  Probe  
  37  3:15  Probe  
  39  3:25  Probe  
  40  3:27  Probe  
  40  3:30  Assimilator  
  40  3:31  Pylon  
  41  3:35  Robotics Facility  
  41  3:37  Probe  
  41  3:39  Probe  
  43  3:49  Probe  
  43  3:52  Probe  
  43  3:55  Pylon  
  45  4:01  Probe  
  46  4:04  Stalker x2, Probe  
  51  4:12  Nexus  
  51  4:13  Probe  
  51  4:16  Probe  
  53  4:19  Pylon  
  53  4:22  Observer  
  54  4:25  Probe  
  54  4:28  Probe  
  54  4:31  Stalker x2  
  60  4:37  Probe  
  61  4:40  Forge  
  61  4:41  Forge  
  61  4:43  Probe  
  61  4:45  Protoss Ground Armor Level 1  
  62  4:46  Observer  
  62  4:49  Probe  
  62  4:51  Protoss Ground Weapons Level 1  
  64  4:56  Stalker x2  
  64  4:57  Charge  
  64  4:59  Pylon  
  68  5:00  Probe  
  68  5:03  Probe  
  70  5:16  Gateway  
  70  5:26  Gateway  
  70  5:30  Gateway  
  70  5:31  Observer  
  71  5:37  Gateway  
  71  5:42  Gateway x2  
  71  5:50  Probe  
  71  5:51  Probe x2  
  71  5:53  Pylon  
  74  5:59  Assimilator  
  74  6:00  Immortal  
  74  6:03  Assimilator, Probe x3  
  81  6:04  Sentry  
  81  6:10  Sentry  
  85  6:15  Probe x3  
  88  6:18  Assimilator  
  88  6:23  Pylon x2  
  88  6:27  Probe x3  
  88  6:28  Zealot x4  
  88  6:32  Templar Archives  
  99  6:39  Probe x2  
  101  6:41  Pylon, Probe  
  101  6:46  Zealot x2  
  101  6:47  Pylon, Zealot  
  108  6:52  Zealot  
  110  6:55  Immortal  
  110  6:57  Psionic Storm  
  110  7:02  Probe x3  
  110  7:03  Pylon  
  110  7:07  Pylon  
  117  7:09  High Templar  
  119  7:16  High Templar  
  119  7:22  High Templar  
  123  7:24  Nexus  
  123  7:26  Warp Prism  
  125  7:43  Zealot x5  
  129  7:48  Stalker x2  
  133  7:55  Pylon  
  132  8:01  Zealot  
  132  8:04  Zealot x5  
  115  8:19  Zealot x2  
  96  8:24  Zealot x6  
  104  8:36  Observer  
  104  8:41  Zealot x2  
  96  8:45  Zealot x5  
  81  8:59  High Templar  
  81  9:02  High Templar x2  
  78  9:06  Archon  
  78  9:07  Zealot x5  
  78  9:09  Pylon  
  85  9:12  Zealot x3  
Tags
 
Add a new tag
Caveats
  • Supply blocks, unpowered buildings, or Contaminate may cause inaccurate times.
  • Supply counts are checked every 10 seconds.